 Dungeon Crawl Stone Soup version 0.29-a0-998-g1987434951 (webtiles) character file.

Game seed: 1434295523398151496

7747 siradein the Skirmisher (level 11, -1/86 HPs)
             Began as a Gnoll Hunter on Aug 5, 2022.
             Was an Elder of Okawaru.
             Slain by a vampire (10 damage)
             ... on level 10 of the Dungeon on Aug 6, 2022.
             The game lasted 00:31:09 (12654 turns).

siradein the Skirmisher (Gnoll Hunter)             Turns: 12654, Time: 00:31:10

Health: -1/86      AC: 12    Str: 12    XL:     11   Next: 20%
Magic:  29/29      EV: 19    Int:  9    God:    Okawaru [****..]
Gold:   905        SH:  0    Dex: 35    Spells: 20/22 levels left

rFire   . . .      SeeInvis .   y - +1 falchion (elec)
rCold   . . .      Faith    +   (no shield)
rNeg    . . .      Spirit   .   K - +1 ring mail {rPois}
rPois   +          Reflect  .   (no helmet)
rElec   .          Harm     .   L - +2 cloak {Will+}
rCorr   +          Rampage  .   n - +1 pair of gloves of Honour {rCorr Str+2 Dex+10 Slay-4}
Will    +....                   (no boots)
Stlth   ++++......              H - amulet of faith
HPRegen 0.24/turn               A - ring of willpower
MPRegen 0.21/turn               l - ring "Jidwih" {Contam Will+ MP+9 Dex+5}

@: weak-willed
A: fangs 1, strong nose, distributed training
a: Renounce Religion, Heroism, Finesse


You were on level 10 of the Dungeon.
You worshipped Okawaru.
Okawaru was greatly pleased with you.
You visited 2 branches of the dungeon, and saw 11 of its levels.
You also visited: Sewer and Ossuary.

You collected 905 gold pieces.

Inventory:

Hand Weapons
 a - a +0 shortbow
 y - a +1 falchion of electrocution (weapon)
 Q - the +3 sling of Laceration {flame, Int+4}
   (You found it on level 9 of the Dungeon)

   Any ammunition fired from it burns those it strikes, dealing additional fire
   damage.
   Int:       It affects your intelligence (+4).
Missiles
 E - 4 curare-tipped darts
 F - a throwing net
 G - 3 silver boomerangs
 O - 6 datura-tipped darts
Armour
 n - the +1 pair of gloves of Honour (worn) {rCorr Str+2 Dex+10 Slay-4}
   (You found it on level 2 of the Dungeon)

   Str:       It affects your strength (+2).
   Dex:       It affects your dexterity (+10).
   Slay:      It affects your accuracy & damage with ranged weapons and melee
   (-4).
   rCorr:     It protects you from acid and corrosion.
 K - a +1 ring mail of poison resistance (worn)
 L - a +2 cloak of willpower (worn)
Jewellery
 h - a ring of poison resistance
 i - a ring of fire
 l - the ring "Jidwih" (right hand) {Contam Will+ MP+9 Dex+5}
   (You found it on level 2 of the Dungeon)

   [ring of magical power]

   Dex:       It affects your dexterity (+5).
   MP:        It affects your magic capacity (+9).
   Contam:    It causes magical contamination when unequipped.
   Will:      It increases your willpower.
 A - a ring of willpower (left hand)
 H - an amulet of faith (around neck)
Wands
 q - a wand of roots (22)
 v - a wand of flame (46)
 P - a wand of paralysis (4)
Scrolls
 b - a scroll of immolation
 c - 2 scrolls of fear
 d - 3 scrolls of enchant armour
 e - 4 scrolls of amnesia
 m - 3 scrolls of teleportation
 t - 6 scrolls of enchant weapon
 z - a scroll of noise
 B - 2 scrolls of vulnerability
 D - 3 scrolls of poison
 J - a scroll of torment
 M - a scroll of silence
Potions
 f - a potion of berserk rage
 g - a potion of cancellation
 j - 3 potions of mutation
 k - a potion of heal wounds
 o - 4 potions of brilliance
 p - 2 potions of lignification
 r - 2 potions of ambrosia
 s - 4 potions of curing
 u - 3 potions of flight {unknown}
 x - a potion of might {unknown}
 I - a potion of invisibility {unknown}
 N - a potion of magic {unknown}
Miscellaneous
 w - a tin of tremorstones (2/2)


   Skills:
 + Level 7.9 Fighting
 + Level 6.3 Short Blades
 + Level 6.3 Long Blades
 + Level 6.3 Axes
 + Level 6.3 Maces & Flails
 + Level 6.3 Polearms
 + Level 6.3 Staves
 + Level 10.6 Ranged Weapons
 + Level 6.3 Throwing
 + Level 6.3 Armour
 + Level 7.9 Dodging
 + Level 6.7 Stealth
 + Level 6.3 Shields
 + Level 6.3 Unarmed Combat
 + Level 6.3 Spellcasting
 + Level 5.2 Conjurations
 + Level 5.2 Hexes
 + Level 5.2 Summonings
 + Level 5.2 Necromancy
 + Level 5.2 Translocations
 + Level 5.2 Transmutations
 + Level 5.2 Fire Magic
 + Level 5.2 Ice Magic
 + Level 5.2 Air Magic
 + Level 5.2 Earth Magic
 + Level 5.2 Poison Magic
 + Level 6.9 Invocations
 + Level 6.3 Evocations


You had 20 spell levels left.
You knew the following spells:

 Your Spells              Type           Power      Damage    Failure   Level
a - Passwall              Tmut/Erth      10%        N/A       8%          2

Your spell library contained the following spells:

 Spells                   Type           Power      Damage    Failure   Level
 Magic Dart               Conj           48%        1d5       5%          1
 Necrotise                Necr           48%        1d6       5%          1
 Shock                    Conj/Air       48%        1d6       5%          1
 Ensorcelled Hibernation  Hex/Ice        24%        N/A       8%          2
 Static Discharge         Conj/Air       12%        3-5/arc   8%          2
 Mephitic Cloud           Conj/Pois/Air  12%        N/A       16%         3
 Ozocubu's Armour         Ice            12%        N/A       16%         3
 Spider Form              Tmut/Pois      12%        N/A       16%         3
 Swiftness                Air            12%        N/A       16%         3
 Vampiric Draining        Necr           12%        2d6       16%         3
 Anguish                  Hex/Necr       6%         N/A       45%         4
 Agony                    Necr           12%        N/A       82%         5
 Blade Hands              Tmut           6%         N/A       82%         5
 Irradiate                Conj/Tmut      6%         3d13      82%         5
 Metabolic Englaciation   Hex/Ice        6%         N/A       82%         5
 Dragon Form              Tmut           6%         N/A       100%        7
 Call Imp                 Summ           Unusable   N/A       N/A         2
 Simulacrum               Ice/Necr       Unusable   N/A       N/A         6
 Malign Gateway           Summ/Tloc      Unusable   N/A       N/A         7
 Summon Hydra             Summ           Unusable   N/A       N/A         7

Dungeon Overview and Level Annotations

Branches:
Dungeon (10/15)            Temple (1/1) D:4            Lair (0/5) D:8
    Orc (0/2) D:9           Sewer (visited)         Ossuary (visited)

Altars:
Ashenzari
Cheibriados
Dithmenos
Elyvilon
Fedhas
Gozag
Kikubaaqudgha
Makhleb
Nemelex Xobeh
Okawaru
Qazlal
Ru
Sif Muna
Trog
Uskayaw
Vehumet
Wu Jian
Xom
Yredelemnul
Zin
The Shining One

Shops:
D:2 =   D:5 =

Annotations:
D:9 Fannar
D:10 Nergalle


Innate Abilities, Weirdness & Mutations

You have very sharp teeth.
Your uncanny sense of smell can sniff out nearby items.
Your experience applies equally to all skills.


Message History

The skeletal warrior hits you with a +6 flail!!
Okay, then.
As you read the scroll labelled EXERAD UCLY, it crumbles to dust.
You assume a fearsome visage.
The skeletal warrior is unaffected.
It was a scroll of fear.
The skeletal warrior barely misses you.
As you read the scroll labelled YPLIOC ATICS, it crumbles to dust.
It is a scroll of enchant armour.
Your +0 ring mail of poison resistance glows green for a moment.
The skeletal warrior hits you with a +6 flail!
* * * LOW HITPOINT WARNING * * *
As you read the scroll labelled GADDAI LEIXZE, it crumbles to dust.
You hear a loud clanging noise!
It was a scroll of noise.
You hear a shout! x3
The skeletal warrior barely misses you.
As you read the scroll labelled ZOQAHUEWONT, it crumbles to dust.
Magic quickly surges around you.
It was a scroll of vulnerability.
The skeletal warrior completely misses you.
Blink to where?
Press: ? - help, Dir - move target
As you read the scroll labelled ANEDUTOCHO, it crumbles to dust.
It was a scroll of blinking.
Nergalle gestures at you while chanting.
The bolt of negative energy misses you.
Nergalle asks, "There's a tasty morsel, hm?"
Nergalle hits you but does no damage.
You see here a scroll of identify.
Nergalle gestures at you while chanting.
Orcish apparitions take form around you.
Nergalle attacks as you move away! Nergalle misses you.
A vampire comes into view.
The spectral orc warlord unwields a +0 arbalest.
The spectral orc warlord hits you!
* * * LOW HITPOINT WARNING * * *
Unknown command.
Nergalle attacks as you move away! Nergalle barely misses you.
Nergalle casts a spell at you.
Orcish apparitions take form around you.
The vampire completely misses you. The vampire bites you!
You die...

.... ......
...... ......
.... #..#########
#...........
#...@.......
######....V......
.........Z..#####
#.....ZZo..#
#..........#
#..........#
#..........#
#......?...###
#.....z........


You could see Nergalle, a spectral orc (summoned), a spectral orc warrior
(summoned), a spectral orc warlord (summoned) and a vampire.

Vanquished Creatures
  A two-headed ogre (D:8)
  2 gargoyles
  Maggie (D:7)
  Prince Ribbit (D:7)
  A troll (D:8)
  Grinder (D:3)
  A wyvern (D:7)
  7 yaks
  Eustachio (D:4)
  A steam dragon (D:7)
  4 vampire mosquitoes (D:8)
  Menkaure (D:4)
  3 water moccasins
  Duvessa (D:4)
  2 black bears
  2 ice beasts
  A sky beast (D:7)
  3 ogres
  2 centaurs (D:9)
  3 wolves (D:8)
  2 kobold brigands
  A bullfrog (D:8)
  An elf skeleton (D:4)
  A necrophage (D:5)
  2 scorpions
  Dowan (D:4)
  4 killer bees (D:7)
  3 howler monkeys (D:7)
  5 electric eels (D:8)
  A human zombie (D:4)
  6 hounds
  2 orc priests
  A gnoll bouda (D:9)
  Crazy Yiuf (D:7)
  Jessica (D:3)
  Natasha (thrice) (D:3)
  3 orc wizards
  7 iguanas
  8 mummies (Ossuary)
  16 gnolls
  10 adders
  A river rat (D:5)
  A shadow imp (D:7)
  3 white imps
  3 worms
  2 dart slugs (D:3)
  30 orcs
  4 endoplasms
  A giant cockroach (D:2)
  A gnoll zombie (Ossuary)
  9 goblins
  8 hobgoblins
  8 jackals
  2 quokkas (D:3)
  6 ball pythons
  5 bats
  2 frilled lizards
  3 hobgoblin zombies (Ossuary)
  11 kobolds
  3 kobold zombies (Ossuary)
  3 orc skeletons (D:4)
  2 orc zombies
  8 rats
234 creatures vanquished.

Notes
Turn   | Place    | Note
-------+----------+-------------------------------------------
     0 | D:1      | siradein the Gnoll Hunter began the quest for the Orb.
     0 | D:1      | Reached XP level 1. HP: 20/20 MP: 1/1
   304 | D:1      | Reached XP level 2. HP: 26/26 MP: 2/2
   684 | D:2      | Reached XP level 3. HP: 31/31 MP: 3/3
   696 | D:2      | Identified the ring "Jidwih" {Contam Will+ MP+9 Dex+5}
   733 | D:2      | Found Qoocuuj's Jewellery Emporium.
   762 | D:2      | Reached skill level 1 in Invocations
   845 | D:2      | Found a faded altar of an unknown god.
  1067 | D:2      | Reached skill level 1 in Short Blades
  1067 | D:2      | Reached skill level 1 in Long Blades
  1067 | D:2      | Reached skill level 1 in Axes
  1067 | D:2      | Reached skill level 1 in Maces & Flails
  1067 | D:2      | Reached skill level 1 in Polearms
  1067 | D:2      | Reached skill level 1 in Staves
  1067 | D:2      | Reached skill level 1 in Throwing
  1067 | D:2      | Reached skill level 1 in Armour
  1067 | D:2      | Reached skill level 1 in Shields
  1067 | D:2      | Reached skill level 1 in Unarmed Combat
  1067 | D:2      | Reached skill level 1 in Spellcasting
  1067 | D:2      | Reached skill level 1 in Evocations
  1125 | D:2      | Identified the +1 pair of gloves of Honour {rCorr Str+2
                  | Dex+10 Slay-4}
  1552 | D:3      | Reached XP level 4. HP: 36/38 MP: 5/5
  1657 | D:3      | Got the Tome of Fulgurous Mustering
  1658 | D:3      | Found a shadowy altar of Dithmenos.
  1709 | D:3      | Noticed a scorpion
  1732 | D:3      | Killed a scorpion
  1733 | D:3      | Reached skill level 1 in Conjurations
  1733 | D:3      | Reached skill level 1 in Hexes
  1733 | D:3      | Reached skill level 1 in Summonings
  1733 | D:3      | Reached skill level 1 in Necromancy
  1733 | D:3      | Reached skill level 1 in Translocations
  1733 | D:3      | Reached skill level 1 in Transmutations
  1733 | D:3      | Reached skill level 1 in Fire Magic
  1733 | D:3      | Reached skill level 1 in Ice Magic
  1733 | D:3      | Reached skill level 1 in Air Magic
  1733 | D:3      | Reached skill level 1 in Earth Magic
  1733 | D:3      | Reached skill level 1 in Poison Magic
  1733 | D:3      | Reached XP level 5. HP: 39/43 MP: 7/7
  1801 | D:3      | Noticed Jessica
  1802 | D:3      | Noticed Grinder
  1807 | D:3      | Killed Jessica
  1811 | D:3      | Noticed Natasha
  1816 | D:3      | Killed Grinder
  1817 | D:3      | Reached skill level 5 in Fighting
  1817 | D:3      | Reached skill level 5 in Dodging
  1817 | D:3      | Reached XP level 6. HP: 30/51 MP: 9/9
  1825 | D:3      | Killed Natasha
  2073 | D:3      | Found a glowing golden altar of the Shining One.
  2073 | D:3      | Found a burning altar of Makhleb.
  2080 | D:3      | Noticed Natasha
  2087 | D:3      | Killed Natasha
  2194 | D:3      | Reached XP level 7. HP: 56/56 MP: 10/10
  2221 | D:3      | Learned a level 2 spell: Passwall
  2543 | D:3      | Noticed Natasha
  2652 | D:3      | Killed Natasha
  2744 | D:3      | Found a shadowy altar of Dithmenos.
  3251 | D:4      | Noticed Eustachio
  3297 | D:4      | Found a basalt altar of Yredelemnul.
  3373 | D:4      | Reached skill level 9 in Ranged Weapons
  3433 | D:4      | Noticed Duvessa
  3519 | D:4      | Found a sand-covered staircase.
  3529 | Ossuary  | Entered an ossuary
  3567 | Ossuary  | Reached XP level 8. HP: 40/63 MP: 12/12
  3881 | D:4      | Noticed Dowan
  3909 | D:4      | Killed Duvessa
  3914 | D:4      | Killed Dowan
  4197 | D:4      | Found a staircase to the Ecumenical Temple.
  4209 | Temple   | Entered the Ecumenical Temple
  4314 | Temple   | Became a worshipper of Warmaster Okawaru
  4445 | D:4      | Noticed Menkaure
  4478 | D:4      | Killed Menkaure
  4780 | D:4      | Killed Eustachio
  4894 | D:5      | Entered Level 5 of the Dungeon
  4894 | D:5      | Found a glowing drain.
  4909 | Sewer    | Entered a sewer
  5116 | D:5      | Reached * piety under Okawaru
  5148 | D:5      | Reached XP level 9. HP: 69/69 MP: 14/14
  5361 | D:5      | Found an ancient bone altar of Kikubaaqudgha.
  5490 | D:5      | Found Bocrog's Jewellery Boutique.
  5653 | D:5      | Found a sparkling altar of Nemelex Xobeh.
  6551 | D:6      | Reached skill level 5 in Stealth
  7071 | D:7      | Found a shimmering blue altar of Sif Muna.
  7092 | D:7      | Reached ** piety under Okawaru
  7093 | D:7      | Reached skill level 5 in Invocations
  7183 | D:7      | Noticed Prince Ribbit
  7205 | D:7      | Killed Prince Ribbit
  7383 | D:7      | Noticed Maggie
  7407 | D:7      | Killed Maggie
  7407 | D:7      | Reached *** piety under Okawaru
  7407 | D:7      | Received a gift from Okawaru
  7408 | D:7      | Reached skill level 5 in Short Blades
  7408 | D:7      | Reached skill level 5 in Long Blades
  7408 | D:7      | Reached skill level 5 in Axes
  7408 | D:7      | Reached skill level 5 in Maces & Flails
  7408 | D:7      | Reached skill level 5 in Polearms
  7408 | D:7      | Reached skill level 5 in Staves
  7408 | D:7      | Reached skill level 10 in Ranged Weapons
  7408 | D:7      | Reached skill level 5 in Throwing
  7408 | D:7      | Reached skill level 5 in Armour
  7408 | D:7      | Reached skill level 5 in Shields
  7408 | D:7      | Reached skill level 5 in Unarmed Combat
  7408 | D:7      | Reached skill level 5 in Spellcasting
  7408 | D:7      | Reached skill level 5 in Evocations
  7408 | D:7      | Reached XP level 10. HP: 64/77 MP: 17/17
  7509 | D:7      | Found a hide-covered altar of Uskayaw.
  7834 | D:7      | Found a runed translucent door.
  7835 | D:7      | Noticed Crazy Yiuf
  8033 | D:7      | Killed Crazy Yiuf
  8129 | D:8      | Found a stormy altar of Qazlal.
  8423 | D:8      | Noticed a two-headed ogre
  8441 | D:8      | Killed a two-headed ogre
  8924 | D:8      | Reached **** piety under Okawaru
  9534 | D:8      | Found a staircase to the Lair.
  9569 | D:8      | Received a gift from Okawaru
  9859 | D:8      | Found a bloodstained altar of Trog.
  9983 | D:8      | Noticed a gargoyle
 10007 | D:8      | Killed a gargoyle
 10238 | D:8      | Found a glowing silver altar of Zin.
 10775 | D:9      | Reached skill level 5 in Conjurations
 10775 | D:9      | Reached skill level 5 in Hexes
 10775 | D:9      | Reached skill level 5 in Summonings
 10775 | D:9      | Reached skill level 5 in Necromancy
 10775 | D:9      | Reached skill level 5 in Translocations
 10775 | D:9      | Reached skill level 5 in Transmutations
 10775 | D:9      | Reached skill level 5 in Fire Magic
 10775 | D:9      | Reached skill level 5 in Ice Magic
 10775 | D:9      | Reached skill level 5 in Air Magic
 10775 | D:9      | Reached skill level 5 in Earth Magic
 10775 | D:9      | Reached skill level 5 in Poison Magic
 10775 | D:9      | Reached XP level 11. HP: 85/85 MP: 20/20
 10804 | D:9      | Found a staircase to the Orcish Mines.
 11322 | D:9      | Identified the +3 sling of Laceration {flame, Int+4}
 11457 | D:10     | Entered Level 10 of the Dungeon
 11461 | D:10     | Noticed Nergalle
 11552 | D:10     | Noticed Fannar
 12278 | D:9      | Found a staircase to the Orcish Mines.
 12474 | D:10     | Noticed a skeletal warrior
 12650 | D:10     | Noticed a spectral orc warlord
 12654 | D:10     | Slain by a vampire

Illustrated notes

Levels and vault maps discovered:
D:1:      tarquinn_simple_flora_water_e, layout_loops_cross
D:2:      layout_loops_ring, serial_shops, shop,
          hellmonk_ecumenical_altar_heavens_door, minmay_pentomino_r2
D:3:      layout_basic, amcnicky_altar_gilded,
          gammafunk_temple_overflow_elements, uniq_grinder, uniq_natasha,
          uniq_jessica
D:4:      layout_rooms, mainiacjoe_overflow_paths,
          minmay_temple_entry_sparse_star, nicolae_ossuary_entry_catacombs,
          uniq_duvessa, uniq_menkaure, uniq_eustachio
D:5:      layout_basic, nemelex_xobeh_ov_fountains_minmay,
          mainiacjoe_overflow_catwalk, portal_sewer_entry_a,
          minmay_shop_enchanted_jewellery
D:6:      layout_cave_pods
D:7:      layout_basic, lemuel_doored_altar, old_standard_altar,
          serial_corexii_hall, corexii_hall_statues_x, corexii_hall_statues_t,
          chequers_hall_statues_y, corexii_hall_statues_i, uniq_prince_ribbit1,
          uniq_crazy_yiuf_cottage, uniq_maggie
D:8:      layout_loops_corners, mainiacjoe_overflow_boulevard,
          trog_three_pillars_becter, nicolae_qazlal_general_emergency,
          erik_lair_island
D:9:      layout_irregular_city, david_orc_2
D:10:     layout_irregular_city, beargit_hepliaklqana_dungeon_heroes,
          uniq_fannar, uniq_joseph, uniq_nergalle
Temple:   compressed_dpeg_circular_temple

Skill      XL: |  1  2  3  4  5  6  7  8  9 10 |
---------------+-------------------------------+-----
Invocations    | 1 2 3 4 5 6 |  6.9
Short Blades   | 1 2 3 5 6 |  6.3
Long Blades    | 1 2 3 5 6 |  6.3
Axes           | 1 2 3 5 6 |  6.3
Maces & Flails | 1 2 3 5 6 |  6.3
Polearms       | 1 2 3 5 6 |  6.3
Staves         | 1 2 3 5 6 |  6.3
Throwing       | 1 2 3 5 6 |  6.3
Armour         | 1 2 3 5 6 |  6.3
Shields        | 1 2 3 5 6 |  6.3
Unarmed Combat | 1 2 3 5 6 |  6.3
Spellcasting   | 1 2 3 5 6 |  6.3
Evocations     | 1 2 3 5 6 |  6.3
Conjurations   | 1 2 3 4 5 |  5.2
Hexes          | 1 2 3 4 5 |  5.2
Summonings     | 1 2 3 4 5 |  5.2
Necromancy     | 1 2 3 4 5 |  5.2
Translocations | 1 2 3 4 5 |  5.2
Transmutations | 1 2 3 4 5 |  5.2
Fire Magic     | 1 2 3 4 5 |  5.2
Ice Magic      | 1 2 3 4 5 |  5.2
Air Magic      | 1 2 3 4 5 |  5.2
Earth Magic    | 1 2 3 4 5 |  5.2
Poison Magic   | 1 2 3 4 5 |  5.2
Fighting       | 5 6 7 |  7.9
Dodging        | 5 6 7 |  7.9
Stealth        | 3 4 5 6 |  6.7
Ranged Weapons | 9 10 | 10.6

Action                   |  1- 3 |  4- 6 |  7- 9 | 10-12 || total
-------------------------+-------+-------+-------+-------++-------
Melee: Spear             |       |       |    11 |       ||    11
       Bite              |       |       |     7 |    17 ||    24
       Falchion          |       |       |    68 |   118 ||   186
       Punch             |       |       |     1 |     6 ||     7
 Fire: Shortbow          |    93 |    74 |   432 |   201 ||   800
       Sling             |       |       |       |    55 ||    55
Invok: Heroism           |       |       |     1 |     2 ||     3
Evoke: Wand              |       |       |     3 |       ||     3
  Use: Potion            |       |     1 |     1 |     1 ||     3
       Scroll            |       |       |     9 |    13 ||    22
 Stab: Distracted        |       |       |       |     1 ||     1
Armor: Leather armour    |    12 |       |       |       ||    12
       Ring mail         |       |     2 |    94 |    54 ||   150
       Skin              |       |    24 |       |       ||    24
Dodge: Dodged            |    27 |    14 |   286 |   229 ||   556

Table legend: (Time is in decaauts)
 A = Elapsed time spent in this place.
 B = Non-inter-level travel time spent in this place.
 C = Inter-level travel time spent in this place.
 D = Time resting spent in this place.
 E = Time spent auto-exploring this place.
 F = Levels seen in this place.
 G = Mean time per level.
                   A        B        C        D        E       F      G
               +--------+--------+--------+--------+--------+-----+--------+
         Total |  12743 |  12316 |    427 |    972 |   9039 |  13 |  980.2 |
       Dungeon |  12118 |  11749 |    369 |    828 |   8789 |  10 | 1211.8 |
        Temple |    134 |     76 |     58 |      0 |     65 |   1 |  134.0 |
         Sewer |    144 |    144 |      0 |      0 |     88 |   1 |  144.0 |
       Ossuary |    345 |    345 |      0 |    144 |     97 |   1 |  345.0 |
               +--------+--------+--------+--------+--------+-----+--------+

Top non-repeatable levels by time:
     D:8: 2325 daAuts
     D:9: 2081 daAuts
     D:3: 1702 daAuts
     D:7: 1270 daAuts
     D:4: 1228 daAuts
     D:2: 926 daAuts
     D:6: 909 daAuts
     D:5: 890 daAuts
     D:1: 622 daAuts
 Ossuary: 345 daAuts
    D:10: 161 daAuts
   Sewer: 144 daAuts
  Temple: 134 daAuts
